[Event "Late-Titled-Tuesday-Blitz-June-18-2024"]
[Site "Chess.com"]
[Date "2024.06.18"]
[Round "10"]
[White "unbreakablepawn35"]
[Black "teresin05"]
[Result "1/2-1/2"]
[WhiteElo "2438"]
[BlackElo "2292"]
[TimeControl "180+1"]
[EndTime "15:56:59 PDT"]
[Termination "Game drawn - insufficient material"]

1. c4 c5 2. Nc3 Nc6 3. Nf3 e6 4. e3 d5 5. cxd5 exd5 6. d4 Nf6 7. Be2 Bg4 8. O-O c4 9. b3 cxb3 10. Qxb3 Rb8 11. h3 Bh5 12. Ba3 Bxa3 13. Qxa3 Qe7 14. Qxe7+ Kxe7 15. Rab1 Rhc8 16. Rfc1 a6 17. Bd3 Bxf3 18.
gxf3 g6 19. Na4 Nd7 20. Nc5 Nxc5 21. Rxc5 Kd6 22. Rb6 Kc7 23. Rb1 Kd6 24. e4 dxe4 25.
fxe4 Ne7 26. e5+ Kd7 27. Rxc8 Kxc8 28. Bc4 Nc6 29. Bxf7 Nxd4 30. e6 Nc6 31. Rd1 b5 32. e7 Nxe7 33. Be6+ Kc7 34. Rd7+ Kc6 35. Rxe7 Kd6 36. Rxh7 Kxe6 37. Ra7 Rb6 38. Kg2 Kf5 39.
Kg3 b4 40. Rc7 b3 41. axb3 Rxb3+ 42. f3 Rb6 43. Rc5+ Kf6 44. Kg4 Rb4+ 45. f4 Rb6 46. h4 Kg7 47. Ra5 Kh6 48. Rc5 Re6 49. Rc8 Rd6 50. Re8 Rd5 51. Ra8 a5 52. Ra6 Rb5 53. Rc6 Rd5 54. Ra6 Rc5 55. Rf6 Rb5 56. f5 Rb4+ 57.
Kg3 Rb3+ 58. Kf4 Rb4+ 59. Kg3 Rb3+ 60. Kg2 Rb2+ 61. Kf3 Rb3+ 62. Kf2 Rb2+ 63. Ke3 Rb3+ 64. Kd2 Rg3 65. Rxg6+ Rxg6 66. fxg6 Kxg6 67. Kc3 Kh5 68. Kb3 Kxh4 69. Ka4 Kg5 70. Kxa5 1/2-1/2

[Event "Late-Titled-Tuesday-Blitz-June-18-2024"]
[Site "Chess.com"]
[Date "2024.06.18"]
[Round "10"]
[White "KaydenTroffChess"]
[Black "jcibarra"]
[Result "1-0"]
[WhiteElo "2821"]
[BlackElo "2988"]
[TimeControl "180+1"]
[EndTime "15:57:06 PDT"]
[Termination "KaydenTroffChess won by checkmate"]

1. d4 Nf6 2. Nf3 g6 3. Bg5 Bg7 4. Nc3 d5 5. Bxf6 exf6 6. h4 h5 7. g3 O-O 8. Bg2 c6 9. e3 Re8 10. O-O Nd7 11. Ne2 f5 12. Rc1 Nf6 13. c4 dxc4 14. Rxc4 Be6 15. Ra4 b5 16. Ra3 Bf8 17. Rc3 Ne4 18. Rxc6 Bxa2 19. Nf4 Bc4 20. Ne5 Bxf1 21. Qxf1 Bd6 22. Bxe4 fxe4 23. Qxb5 Rb8 24. Qa4 Bxe5 25. dxe5 Rxe5 26. Qc4 Kg7 27. Rc7 Qd1+ 28. Kh2 Rf5 29. Qc3+ Kh7 30. Rxa7 Rd8 31. Nh3 Qf3 32. Rxf7+ Rxf7 33. Ng5+ Kh6 34. Nxf3 Rxf3 35. Kg2 Rdf8 36. Qd2 R3f5 37. b4 Rb5 38. Qd4 Rbf5 39. Qb2 Rb8 40. Qd4 Rbf8 41. Qd2 Rb8 42. Kh2 Rbf8 43. Kg1 Rb8 44.
Qd4 Rbf8 45. Qb2 Rb8 46. Qd2 Rfb5 47. Qc3 Rxb4 48. Qe5 Rf8 49. Qe7 Rfb8 50. Qg5+ Kh7 51. Qe7+ Kh6 52. Kg2 Rc4 53. Qg5+ Kh7 54. Qe7+ Kh6 55.
Qe5 Rbc8 56. Qf6 Kh7 57. Qf4 Ra4 58. g4 hxg4 59. Qxg4 Rac4 60. h5 gxh5 61. Qxh5+ Kg7 62. Qg5+ Kf7 63. Qf5+ Ke7 64. Qe5+ Kd7 65. Qd5+ Ke7 66.
Qe5+ Kd7 67. Qd5+ Ke7 68. Kg3 R8c5 69. Qb7+ Ke6 70. Qa6+ Kf5 71. Qh6 Ke5 72. Kg4 Rc1 73. Qg7+ Kd5 74. Kf4 R1c4 75. Qd7# 1-0

[Event "Late-Titled-Tuesday-Blitz-June-18-2024"]
[Site "Chess.com"]
[Date "2024.06.18"]
[Round "10"]
[White "PapaieDudu"]
[Black "Zq1"]
[Result "0-1"]
[WhiteElo "2374"]
[BlackElo "2492"]
[TimeControl "180+1"]
[EndTime "15:57:13 PDT"]
[Termination "Zq1 won by resignation"]

1. Nf3 Nf6 2. d4 e6 3. c4 a6 4. Nc3 c5 5. Bg5 cxd4 6. Nxd4 Bb4 7. e3 Qa5 8. Bxf6 Bxc3+ 9. bxc3 Qxc3+ 10. Ke2 gxf6 11.
Rc1 Qa5 12. h4 Nc6 13. h5 Qxa2+ 14. Rc2 Qa5 15. f4 Qc7 16. Kf2 b6 17. Be2 Bb7 18. Bf3 Rc8 19. f5 Ne5 20. fxe6 dxe6 21. c5 bxc5 22. Nb3 c4 23. Nd4 O-O 24. Qb1 Bxf3 25.
gxf3 Kh8 26. f4 Nd3+ 27. Kf1 Rg8 28. Rg2 Rxg2 29. Kxg2 Rb8 30. Qa1 c3 31. Qxa6 Qb7+ 32. Qxb7 Rxb7 33. h6 Kg8 34. Ra1 Kf8 35. Nc6 Ke8 36.
Ra8+ Kd7 37. Rd8+ Kc7 38. Rxd3 Kxc6 39. Rxc3+ Kd5 40. Rd3+ Ke4 41. Rc3 Kf5 42. Kg3 Kg6 43. Kf3 f5 44. Rc8 Kxh6 45. Rf8 Kg7 46. Rc8 Rb1 47. Rc2 Rg1 48. Kf2 Rg6 49. Kf3 h5 50.
Rh2 Rh6 51. Kg3 h4+ 52. Kf3 f6 53. Rh3 e5 54. Rh2 Kf7 55. Ra2 h3 56. Ra7+ Kg6 57.
Ra1 h2 58. Rh1 Kf7 59. Kg2 Ke6 60. Ra1 Kd5 61. Rh1 Ke4 62. Kf2 exf4 63. exf4 Kxf4 64. Kg2 Kg4 65. Kf2 f4 66. Kg2 f3+ 67. Kf2 Kf4 68.
Kf1 Kg3 69. Ke1 Kg2 70. Rf1 h1=Q 71. Rxh1 0-1

[Event "Late-Titled-Tuesday-Blitz-June-18-2024"]
[Site "Chess.com"]
[Date "2024.06.18"]
[Round "10"]
[White "Andrii_Prydun"]
[Black "ritanovikova"]
[Result "1-0"]
[WhiteElo "2367"]
[BlackElo "2215"]
[TimeControl "180+1"]
[EndTime "15:57:19 PDT"]
[Termination "Andrii_Prydun won on time"]

1. e4 e5 2. d4 exd4 3. Qxd4 Nc6 4. Qc4 Nf6 5. Nc3 Bb4 6. Bd2 d6 7. O-O-O Be6 8. Qe2 Qe7 9. f3 O-O-O 10. Qf2 Bc5 11. Be3 Bxe3+ 12. Qxe3 Kb8 13. Bb5 Bd7 14. Qd2 a6 15. Ba4 Ne5 16. Bb3 Be6 17. Nge2 Bxb3 18. axb3 Nc6 19. h4 h5 20. Nf4 g6 21. g3 Ne5 22.
Qg2 c6 23. Rhe1 Qc7 24. Qf2 Nfd7 25. Na4 b5 26. Nc3 Qb6 27. Qf1 Nc5 28. b4 Ne6 29.
Nxe6 fxe6 30. b3 Rhf8 31. f4 Ng4 32. Rd2 e5 33. Qd3 exf4 34. gxf4 Rxf4 35. e5 d5 36.
Qxg6 Rxb4 37. Nxd5 Qa5 38. Kb2 cxd5 39. Ra1 Rxb3+ 40. Kxb3 Qxd2 41. Rxa6 Qe3+ 42. Ka2 Nxe5 43. Qf6 Qd4 44. Qxd8+ Kb7 45. Qa8+ Kc7 46. Qa7+ Qxa7 47. Rxa7+ Kc6 48. Rh7 Nf3 49. Rxh5 Ne1 50. Kb2 Ng2 51. Rh7 Kc5 52. h5 Ne3 53. Rf7 b4 54. Rf4 d4 55.
h6 Nd5 56. Rf5 Kc4 57. Rxd5 Kxd5 58. h7 b3 59. cxb3 d3 60. Kc1 1-0

[Event "Late-Titled-Tuesday-Blitz-June-18-2024"]
[Site "Chess.com"]
[Date "2024.06.18"]
[Round "10"]
[White "rdarruda"]
[Black "kleber2007"]
[Result "1-0"]
[WhiteElo "2567"]
[BlackElo "2465"]
[TimeControl "180+1"]
[EndTime "15:57:21 PDT"]
[Termination "rdarruda won by resignation"]

1. d4 Nf6 2. Nf3 g6 3. Nc3 d5 4. Bg5 Bg7 5. Bxf6 exf6 6. e3 O-O 7. Ne2 c5 8. dxc5 Qa5+ 9. c3 Qxc5 10. Nf4 Rd8 11. Be2 Nc6 12. O-O Ne5 13. Qb3 Bg4 14. Nd4 Bxe2 15. Ndxe2 b6 16. Rfd1 Qc4 17. Rd4 Qa6 18.
Rxd5 Rxd5 19. Qxd5 Rc8 20. Kf1 Nc4 21. b3 Ne5 22. c4 Qa3 23. Qd2 f5 24. Rd1 a6 25.
Nd5 b5 26. cxb5 axb5 27. Qb4 Qxb4 28. Nxb4 Bf8 29. Nd5 Rc2 30. a4 bxa4 31. bxa4 Ra2 32.
Ndc3 Ra3 33. f3 Nc4 34. Rd3 Bc5 35. e4 fxe4 36. fxe4 Ne3+ 37. Ke1 Nxg2+ 38. Kd2 Nh4 39. Nc1 Bb4 40. Kc2 Bxc3 41. Rxc3 Rxa4 42. Kd3 Ng2 43. Ne2 g5 44. Ng3 Nf4+ 45. Ke3 Ra2 46. Nf5 h5 47.
Rc8+ Kh7 48. Rf8 Kg6 49. Rg8+ Kf6 50. Rh8 Ra3+ 51. Kf2 Rh3 52. Kg1 Ke5 53. Re8+ Kf6 54. Rh8 h4 55. Rh6+ Ke5 56. Nd6 f6 57. Nf7+ Kxe4 58. Rxf6 Ra3 59. Nxg5+ Ke3 60. h3 Ra1+ 61. Kh2 Ra2+ 62. Kh1 Ra1+ 63. Kh2 Nd5 64. Re6+ Kd4 65. Re4+ Kc5 66. Ne6+ Kd6 67. Nd4 Ra2+ 68. Kg1 Ra1+ 69. Kg2 Ra2+ 70. Kg1 Ra1+ 71. Kg2 Ra2+ 72.
Kf3 Ra3+ 73. Kg4 Ra4 74. Nf5+ Kc5 75. Rxa4 Nc3 76. Kxh4 Nb5 77. Kg5 Nd4 78. Rxd4 Kb5 79. h4 Kc5 80. h5 Kb5 81. h6 Kc5 82. h7 Kb5 83. h8=Q Kc5 84. Qe5+ 1-0

[Event "Late-Titled-Tuesday-Blitz-June-18-2024"]
[Site "Chess.com"]
[Date "2024.06.18"]
[Round "10"]
[White "AlexanderMatlak"]
[Black "Smiechu"]
[Result "1-0"]
[WhiteElo "2455"]
[BlackElo "2332"]
[TimeControl "180+1"]
[EndTime "15:57:22 PDT"]
[Termination "AlexanderMatlak won by resignation"]

1. c4 Nf6 2. Nf3 c5 3. Nc3 g6 4. g3 Bg7 5. Bg2 O-O 6. O-O Nc6 7. d4 cxd4 8. Nxd4 d6 9. b3 Bd7 10.
Bb2 Rc8 11. Rc1 a6 12. Nd5 Nxd5 13. Bxd5 Nxd4 14. Bxd4 Bxd4 15. Qxd4 Bc6 16. Rfd1 Bxd5 17. Qxd5 Qb6 18. h4 Rc5 19. Qe4 Re5 20. Qf3 Rf5 21. Qg2 Rc8 22. Rc3 Qa5 23. Re3 Qxa2 24. Rxe7 Qxb3 25.
Rxd6 Rxc4 26. Rxb7 Rc1+ 27. Kh2 Qc4 28. Rd8+ Kg7 29. Re8 Qc6 30. Ree7 Qxg2+ 31. Kxg2 Rc2 32. g4 Rf6 33. Kg3 h6 34. f3 g5 35. hxg5 hxg5 36.
Rbd7 Rc5 37. Ra7 Kf8 38. Reb7 Re5 39. Rb2 Rfe6 40. e4 Ra5 41. Rb8+ Kg7 42. Rb3 Ra2 43. Rd7 a5 44. Rd5 f6 45. Rb7+ Kf8 46. Rd8+ Re8 47. Rdd7 a4 48. Rf7+ Kg8 49. Rxf6 Rf8 50. Rxf8+ Kxf8 51. Ra7 a3 52. f4 Ra1 53. f5 a2 54. Kh2 Re1 55. Rxa2 Rxe4 56. Kg3 Re3+ 57. Kf2 Rb3 58. Ra7 Ke8 59. Ra6 Rb4 60. Kf3 Rb3+ 61. Ke4 Rb4+ 62. Ke5 Rxg4 63. Kf6 Rb4 64. Kg6 g4 65. f6 Rb7 66.
Ra8+ Kd7 67. f7 Rb6+ 68. Kg7 g3 69. f8=Q g2 70. Qf7+ Kd6 71. Ra1 Rb7 72. Qxb7 g1=Q+ 73. Rxg1 1-0

[Event "Late-Titled-Tuesday-Blitz-June-18-2024"]
[Site "Chess.com"]
[Date "2024.06.18"]
[Round "10"]
[White "vladislavkovalev"]
[Black "Grischuk"]
[Result "1-0"]
[WhiteElo "2898"]
[BlackElo "3111"]
[TimeControl "180+1"]
[EndTime "15:57:35 PDT"]
[Termination "vladislavkovalev won on time"]

1. e4 e5 2. Nf3 Nc6 3. Bb5 a6 4.
Ba4 Nge7 5. O-O Ng6 6. c3 d5 7. d3 Be7 8. h3 O-O 9. Re1 Be6 10. exd5 Qxd5 11. Bb3 Qd7 12. Bxe6 Qxe6 13. Nbd2 Qd5 14. Qb3 Qxb3 15. Nxb3 Rad8 16. d4 Rfe8 17. dxe5 Ngxe5 18. Nxe5 Nxe5 19. Rxe5 Rd1+ 20. Kh2 Bd6 21. Bf4 Bxe5 22. Rxd1 Bxf4+ 23. g3 Bd6 24. Kg2 g6 25. Kf3 f5 26. Na5 b5 27. a4 Kf7 28. Nc6 bxa4 29.
Ra1 a3 30. b4 Re4 31. Rxa3 Rc4 32. Na5 Re4 33. Nb3 Rc4 34. Nd2 Rc6 35. Ke3 a5 36. Rxa5 Rxc3+ 37. Ke2 Bxb4 38. Rb5 Bd6 39. Nf3 Rc2+ 40.
Kf1 Bc5 41. Ne5+ Ke6 42. Nd3 Bb6 43. Rb3 Kd5 44. Nf4+ Kc4 45. Rf3 Bd4 46. h4 c5 47.
h5 g5 48. Ne6 f4 49. Nxg5 fxg3 50. fxg3 Kb4 51. Nxh7 c4 52. Ng5 c3 53. Ne4 Ra2 54. Nxc3 Bxc3 55. g4 Kc4 56. h6 Ra6 57. g5 Bb2 58. Kg2 Rg6 59. Rg3 Kd5 60. Kh3 Ke6 61. Kg4 Kf7 62. Kh5 Ra6 63. Rb3 Be5 64. Rb7+ Kg8 65. g6 Ra5 66. Kg4 Bf6 67. Rf7 Rg5+ 68. Kf4 Rxg6 69. Rd7 Rxh6 70. Kf5 Bg7 71. Rb7 Rf6+ 72.
Kg5 Kh7 73. Rc7 Rg6+ 74. Kf5 Kh6 75. Re7 Rf6+ 76. Ke5 Rf1+ 77. Kd5 1-0

[Event "Late-Titled-Tuesday-Blitz-June-18-2024"]
[Site "Chess.com"]
[Date "2024.06.18"]
[Round "10"]
[White "micke12a"]
[Black "djano"]
[Result "1/2-1/2"]
[WhiteElo "2415"]
[BlackElo "2586"]
[TimeControl "180+1"]
[EndTime "15:57:36 PDT"]
[Termination "Game drawn by repetition"]

1. d4 Nf6 2. Nc3 d6 3. e4 Nbd7 4. g3 c6 5. a4 g6 6. Bg2 Bg7 7. Nge2 O-O 8. O-O e5 9. h3 exd4 10. Nxd4 Nc5 11. Re1 Re8 12. Bf4 Nh5 13. Be3 Nf6 14. Bf4 Nh5 15. Be3 Qa5 16. Qd2 Ne6 17. Nxe6 Bxe6 18. Bd4 Be5 19. Rab1 Qb4 20. Bxe5 dxe5 21.
Bf3 Nf6 22. Qg5 Kg7 23. Kg2 Rad8 24. Qe3 b6 25. b3 Rd7 26. Rbd1 Red8 27. Rxd7 Rxd7 28.
Rd1 Rd4 29. Na2 Qa3 30. Nc3 Qc5 31. Rd3 h5 32. Ne2 Rxd3 33. Qxd3 b5 34. axb5 cxb5 35.
Nc3 a6 36. Nd5 Bxd5 37. exd5 Ne8 38. g4 hxg4 39. hxg4 Nd6 40. Be2 a5 41. g5 a4 42.
bxa4 bxa4 43. c4 a3 44. Qc3 Nf5 45. Qxe5+ Kh7 46. Qh2+ Kg8 47. Qb8+ Kg7 48. Qe5+ Kg8 49. Bg4 a2 50. Bxf5 gxf5 51. g6 fxg6 52. Qe6+ Kf8 53. Qf6+ Ke8 54. Qxg6+ Kd8 55. Qg8+ Kc7 56. Qf7+ Kb6 57.
Qf6+ Ka5 58. Qb2 Ka6 59. Qxa2+ Kb7 60. Qb3+ Kc8 61. Qd3 f4 62. Kf3 Qe7 63. Qe4 Qc5 64. Qxf4 Kb7 65. Qe4 Ka8 66. Qe3 Qf8+ 67. Ke4 Qe7+ 68.
Kd4 Qa7+ 69. c5 Qa1+ 70. Ke4 Qb1+ 71. Ke5 Qa1+ 72. Qd4 Qe1+ 73. Kd6 Qe8 74. c6 Qd8+ 75. Kc5 Qa5+ 76. Kc4 Qa4+ 77. Kd3 Qd1+ 78. Ke4 Qg4+ 79. Ke5 Qg7+ 80. Ke4 Qg4+ 81. Kd3 Qd1+ 82. Kc4 Qa4+ 83.
Kc3 Qa1+ 84. Kc4 Qa4+ 1/2-1/2

[Event "Late-Titled-Tuesday-Blitz-June-18-2024"]
[Site "Chess.com"]
[Date "2024.06.18"]
[Round "10"]
[White "RantomOpening"]
[Black "Rainbow2014"]
[Result "1/2-1/2"]
[WhiteElo "2617"]
[BlackElo "2509"]
[TimeControl "180+1"]
[EndTime "15:57:39 PDT"]
[Termination "Game drawn - insufficient material"]

1. b3 e5 2. Bb2 Nc6 3. e3 Nf6 4.
d4 exd4 5. exd4 d5 6. Nf3 Bb4+ 7.
c3 Bd6 8. Nbd2 O-O 9. Be2 Re8 10. O-O Ne4 11. Nxe4 dxe4 12. Nd2 Qh4 13. g3 Qh3 14. Nc4 e3 15. Nxd6 cxd6 16. fxe3 Rxe3 17. Qe1 Re7 18.
Qf2 Bg4 19. Rae1 Rf8 20. Ba3 Bxe2 21. Rxe2 Rxe2 22. Qxe2 Qh6 23. Re1 Qg6 24. Qe4 Qxe4 25. Rxe4 d5 26. Bxf8 dxe4 27. Bd6 f5 28. d5 Nd8 29. c4 Kf7 30. Bc7 Ke8 31. Kf2 Kd7 32. Be5 g6 33. Ke3 Nf7 34. Bb8 Ng5 35. Bxa7 Nf3 36.
c5 Nxh2 37. b4 Ng4+ 38. Kd4 e3 39. Kd3 g5 40. b5 f4 41. gxf4 gxf4 42. Bb8 f3 43.
Bg3 e2 44. c6+ bxc6 45. bxc6+ Kc8 46. d6 Nf6 47. d7+ Nxd7 48. cxd7+ Kxd7 49. Ke3 Kc6 50. Kxf3 Kb5 51. Kxe2 Ka4 52. Bd6 h5 53. Kf3 Kb5 54. Bf8 Ka4 55. Kg2 h4 56. Kh3 Kb5 57. Be7 Ka4 58. a3 Kb5 59. Kg4 Ka5 60. Kf3 Ka6 61. Kf2 Ka5 62. Kf1 h3 63. Kg1 h2+ 64. Kh1 Ka6 65.
Kxh2 Ka5 66. Kh3 Ka4 67. Kg4 Ka5 68. Kg5 Ka4 69. Kh6 Ka5 70. Kh7 Ka6 71. Kh8 Ka7 72. Kg8 Ka8 73. Kf8 Ka7 74. Ke8 Kb8 75. Kd8 Kb7 76. Bd6 Ka8 77. Kc8 Ka7 78. Kc7 Ka8 79. Bb4 Ka7 80. Kc6 Ka8 81. Bc5 Kb8 82.
Kd7 Ka8 83. Kd8 Kb8 84. Be7 Ka8 85. Bf8 Kb8 86. Ke8 Ka8 87. Kf7 Kb8 88. Kg6 Ka8 89. Bh6 Kb8 90. Bc1 Ka8 91. a4 Kb8 92. Kf5 Ka7 93. Ke4 Ka6 94. Kd5 Ka5 95. Bd2+ Kxa4 1/2-1/2

[Event "Late-Titled-Tuesday-Blitz-June-18-2024"]
[Site "Chess.com"]
[Date "2024.06.18"]
[Round "10"]
[White "Oleg_Papayan"]
[Black "manitodeplomo"]
[Result "1/2-1/2"]
[WhiteElo "2526"]
[BlackElo "2652"]
[TimeControl "180+1"]
[EndTime "15:57:57 PDT"]
[Termination "Game drawn by repetition"]

1. d4 d5 2. Nc3 c6 3. Bf4 Qb6 4. Rb1 Nf6 5. e3 Bf5 6. Bd3 Bxd3 7. cxd3 e6 8. Nf3 Be7 9. O-O O-O 10. Na4 Qa6 11. a3 Nbd7 12. Ne5 Nxe5 13. dxe5 Nd7 14. d4 b5 15. Nc3 Qb6 16. e4 a5 17. exd5 cxd5 18.
a4 bxa4 19. Qxa4 Qb7 20. Rfc1 Rfc8 21. Be3 Rc4 22. Qb5 Qc8 23. Na4 Rb8 24. Qxa5 Bb4 25. Qa7 Ra8 26. Rxc4 dxc4 27. Nb6 Rxa7 28. Nxc8 Rc7 29.
Nd6 Bxd6 30. exd6 Rc6 31. Rc1 Nb6 32. b3 Kf8 33. bxc4 Rxc4 34. Rxc4 Nxc4 35. Kf1 Nxd6 36.
Ke2 Nf5 37. f3 Ne7 38. Bf4 Nd5 39. Bd6+ Ke8 40. g3 Kd7 41. Bf8 g6 42. Kd3 f6 43.
g4 Ke8 44. Ba3 Kd7 45. Ke4 Nc3+ 46. Kd3 Nd5 47. Bc1 Ke7 48. Ke4 Kd6 49. Bd2 f5+ 50.
Kd3 Kc6 51. h4 Ne7 52. Bg5 Nd5 53. Bd2 Nb6 54. Bf4 Kd5 55. Bd2 Nd7 56. Bf4 Nf6 57.
gxf5 gxf5 58. Be5 Nd7 59. f4 Nb6 60. Bc7 Nc4 61. Be5 Na3 62. Kc3 Nb5+ 63. Kd3 Na7 64. Bf6 Nc6 65. Be5 Ne7 66. Bf6 Nc6 67. Be5 h5 68. Bf6 Nb4+ 69. Ke3 Na6 70. Kd3 Nb8 71. Be5 Nd7 72. Bg7 Nb6 73. Be5 Nc4 74. Bf6 Nd6 75. Be5 Ne4 76. Bg7 Nf2+ 77. Ke3 Ng4+ 78.
Kd3 Nh2 79. Ke3 Ng4+ 80. Kd3 Kc6 81. Kc4 Ne3+ 82. Kd3 Nd5 83. Be5 Nb6 84. Bg7 Kd5 85.
Be5 Nd7 86. Bg7 Nb8 87. Be5 Nc6 88. Bf6 Na5 89. Be5 Nc4 90. Bf6 Nd6 91. Be5 Ne4 92. Bg7 Nf2+ 93. Ke3 Ng4+ 1/2-1/2

[Event "Late-Titled-Tuesday-Blitz-June-18-2024"]
[Site "Chess.com"]
[Date "2024.06.18"]
[Round "10"]
[White "azikom"]
[Black "Mysterio47"]
[Result "1/2-1/2"]
[WhiteElo "2705"]
[BlackElo "2828"]
[TimeControl "180+1"]
[EndTime "15:58:29 PDT"]
[Termination "Game drawn by repetition"]

1. d4 d6 2. e4 Nf6 3. f3 e5 4.
dxe5 dxe5 5. Qxd8+ Kxd8 6. Bc4 Ke8 7. Ne2 Nbd7 8. Be3 Bc5 9. Kf2 c6 10. a4 Ke7 11. Nd2 a5 12. Nc1 Bxe3+ 13. Kxe3 Nc5 14. Ncb3 Nfd7 15. Rhd1 f6 16. Nxc5 Nxc5 17. b3 Rd8 18. h4 Bd7 19. Bf1 Be6 20. Nc4 Bxc4 21. Bxc4 Rxd1 22.
Rxd1 Rd8 23. Rxd8 Kxd8 24. g3 Ke7 25. f4 h6 26. Be2 g5 27. fxg5 fxg5 28. hxg5 hxg5 29.
Bd1 Kf6 30. c3 b6 31. Bc2 Nb7 32. Bd1 Nc5 33. Bc2 Ke7 34. Bd1 Nd7 35. Bc2 Nf6 36.
Bd1 Kd6 37. Be2 Kc5 38. Bd1 b5 39. Kd3 Nd7 40. Bg4 Nf6 41. Bf3 b4 42. c4 Nd7 43.
Ke3 Kd6 44. Bd1 Ke7 45. Bc2 Nc5 46. Bd1 Ne6 47. Bc2 Kf6 48. Bd1 Nd4 49. Kd3 Ne6 50. Ke3 Kg6 51. Kd3 Kh6 52. Ke3 Kh7 53. Kd3 Nc5+ 54. Ke3 Nd7 55. Kd3 Kh6 56. Ke3 Nf6 57. Kf3 Ne8 58. Ke3 Nc7 59. Kf3 Ne6 60. Ke3 Nd4 61. Kd3 Kg6 62. Ke3 Kf6 63. Kd3 Ke6 64. Ke3 Kd6 65. Kd3 Kc5 66. Ke3 Ne6 67. Bg4 Nd8 68. Kd3 Nf7 69. Be6 Nd6 70. Bg4 Kb6 71. Bd1 Kc7 72. Bg4 Kd8 73. c5 Ne8 74. Kc4 Nf6 75. Bf3 Ke7 76. Kd3 Nd7 77. Kc4 Nf6 78. Kd3 g4 79. Be2 Kf7 80. Ke3 Nd7 81. Bxg4 Nxc5 82. Be2 Kf6 83. Bc4 Kg5 84. Kf3 Nb7 85. Bf7 Nd6 86. Be6 c5 87. Ke3 Kf6 88. Bd5 Kg5 89. Be6 Kf6 90. Bd5 Ke7 91. Kd3 Kf6 92. Bc4 Kg5 93. Be6 Kf6 94. Bd5 Kg6 95.
Be6 Kg7 96. Bd5 Kf6 97. Bc4 Kg5 98. Be6 Kf6 99. Bd5 Kg5 100. Be6 1/2-1/2

[Event "Late-Titled-Tuesday-Blitz-June-18-2024"]
[Site "Chess.com"]
[Date "2024.06.18"]
[Round "10"]
[White "farzadbfd"]
[Black "RZ0"]
[Result "1-0"]
[WhiteElo "2712"]
[BlackElo "2557"]
[TimeControl "180+1"]
[EndTime "15:59:06 PDT"]
[Termination "farzadbfd won by resignation"]

1. e4 c5 2. Nc3 d6 3. g3 Nc6 4. Bg2 g6 5. d3 Bg7 6. Be3 Rb8 7. Qd2 b5 8. Nge2 b4 9. Nd1 Nd4 10. O-O h5 11. h3 Nxe2+ 12. Qxe2 Nf6 13. f4 O-O 14. f5 a5 15. Qd2 Kh7 16. Bg5 Qb6 17. Ne3 Bb7 18. Kh2 a4 19. g4 hxg4 20. hxg4 Rh8 21.
Kg3 Kg8 22. Rh1 Qc7 23. Rxh8+ Bxh8 24. Rh1 Bg7 25. Bf3 Nh7 26. Bh6 Bxh6 27. Rxh6 d5+ 28. Kg2 dxe4 29. dxe4 Qf4 30. Nc4 Qxd2+ 31. Nxd2 Rd8 32.
Nc4 Ng5 33. fxg6 Kg7 34. Rh5 f6 35. Ne3 Rd2+ 36. Kg3 Bxe4 37. Rxg5 fxg5 38. Bxe4 Re2 39. Kf3 Re1 40. Bd3 e6 41. a3 Rb1 42. Nc4 bxa3 43. bxa3 Kf6 44. Ke3 Re1+ 45. Kd2 Rg1 46. Ne3 Ra1 47. Nc4 Rg1 48. Ne5 Rg3 49. Nd7+ Kg7 50. Nxc5 Rxg4 51. Nxe6+ Kf6 52. g7 Kf7 53. Bg6+ Kg8 54. Bd3 Rg2+ 55. Ke3 Rh2 56. Nxg5 Kxg7 57. Ne6+ Kf6 58. Nc5 Rh3+ 59. Kd4 Rh4+ 60. Kc3 Ke7 61.
Bc4 Kd6 62. Nxa4 Rh3+ 63. Bd3 Rh4 64. Nb2 Kc5 65. Kb3 Rh8 66. a4 Rb8+ 67. Bb5 Kd4 68.
Nd3 Rc8 69. Kb2 Rc7 70. Nc1 Kc5 71. Na2 Kb6 72. Kb3 Ka5 73. c3 Rg7 74. Nb4 Rg1 75.
Nc6+ Kb6 76. Ne5 Rb1+ 77. Kc4 Ra1 78. Nc6 Rc1 79. a5+ Kc7 80. Nb4 Ra1 81. a6 Kb6 82. Bc6 Ra5 83. Bb7 Rc5+ 84. Kd4 Ra5 85. Nc6 Ra4+ 86. c4 Ra1 87. Ne5 Ra5 88. Nd7+ Kc7 89. Nc5 Kb6 90. Nb3 Ra3 91. c5+ Kb5 92. c6 Kb6 93. Nc5 Ra5 94. Ne6 Ra4+ 95. Kd5 Ra5+ 96. Kd6 Ra1 97. c7 Rd1+ 98. Ke7 Rc1 99. c8=Q Rxc8 100. Bxc8 Ka7 101. Kd6 Kb6 102. Ng7 Ka7 103. Kc5 Kb8 104.
Bh3 Ka7 105. Kb5 Kb8 106. Bg2 Ka7 107. Ka5 Kb8 108. Kb6 Kc8 109. Nh5 Kd7 110. Ng3 Kd6 111. Nf1 Ke5 112. a7 Kf4 113. a8=Q Ke5 114. Qe4+ 1-0

[Event "Late-Titled-Tuesday-Blitz-June-18-2024"]
[Site "Chess.com"]
[Date "2024.06.18"]
[Round "10"]
[White "alexrustemov"]
[Black "SRob2003"]
[Result "1/2-1/2"]
[WhiteElo "2847"]
[BlackElo "2712"]
[TimeControl "180+1"]
[EndTime "15:59:08 PDT"]
[Termination "Game drawn by repetition"]

1. d4 d5 2. c4 e6 3. Nc3 Nf6 4. Nf3 c6 5. e3 Nbd7 6. Qc2 b6 7.
Bd3 Bb7 8. O-O Be7 9. Rd1 O-O 10.
b3 h6 11. Bb2 c5 12. cxd5 exd5 13. dxc5 bxc5 14. e4 d4 15. Nb1 Bd6 16. Nbd2 Ne5 17. Nxe5 Bxe5 18. Nf3 Bd6 19. h3 Nd7 20. Re1 Re8 21.
Rad1 Qf6 22. b4 Ne5 23. Nxe5 Qxe5 24. g3 cxb4 25. f4 Qc5 26. Qf2 Rac8 27. Bxd4 Qa5 28. Bxa7 Bc5 29. Bxc5 Rxc5 30. e5 Rec8 31. Rd2 Rc1 32.
Bf1 R8c3 33. Kh2 Qc7 34. Bg2 Bxg2 35. Rxc1 Rxc1 36. Qxg2 Rc3 37. Qa8+ Kh7 38. Qe4+ g6 39. Qxb4 Rc1 40. Qe4 Qc3 41. Qg2 Qa1 42. Rf2 Rc3 43. g4 Qc1 44. Qe4 Re3 45. Qd5 Kg7 46. Qd4 Qe1 47. Kg2 Re2 48. e6+ Kg8 49. exf7+ Kxf7 50. Qc4+ Re6 51. f5 gxf5 52. gxf5 Qe4+ 53. Qxe4 Rxe4 54. f6 Re3 55. h4 Ra3 56. h5 Rd3 57. Kf1 Rh3 58.
Ke2 Rxh5 59. Kd3 Ra5 60. Kc4 h5 61. Kb4 Ra6 62. a4 h4 63. a5 h3 64. Rf3 h2 65.
Rh3 Rxf6 66. Rxh2 Ke7 67. Rd2 Rd6 68. Rc2 Kd7 69. Kb5 Rd1 70. Kb6 Rb1+ 71. Ka7 Rb3 72. a6 Rb1 73. Rc4 Rb2 74. Ka8 Rb1 75. Rc5 Rb2 76. Rc3 Rb1 77. Rc2 Rb3 78. Rh2 Kc7 79. Rh7+ Kc8 80. Rb7 Ra3 81. a7 Ra2 82. Rb3 Rc2 83.
Rb4 Rc1 84. Rh4 Rb1 85. Rh7 Rb2 86. Rg7 Rb1 87. Rg8+ Kc7 88. Rb8 Ra1 89. Rb4 Ra2 90. Rc4+ Kb6 91. Rb4+ Kc7 92. Rb1 Ra3 93. Rc1+ Kd7 94.
Rc4 Rb3 95. Rc5 Rb2 96. Rh5 Kc7 97. Rh8 Rb1 98. Rb8 Ra1 99. Rb4 Rc1 100. Rb3 Rc2 101. Rb1 Rc3 102. Rb7+ Kc8 103. Rb8+ Kc7 104. Rb7+ Kc8 105. Rb1 Rc2 106. Rh1 Rb2 107. Rh7 Rb1 108. Rg7 Rb2 109. Rg8+ Kc7 110. Rb8 Rc2 111. Rb4 Kc8 112. Rb5 Rc1 113. Rb6 Kc7 114. Rb8 Rc2 115. Rb7+ Kc8 116. Rg7 Rc1 117. Rh7 Rc2 118. Rh8+ Kc7 119. Rh5 Rc1 120. Rg5 Rc2 121. Rg8 Rc1 122. Rb8 Rc2 1/2-1/2

[Event "Late-Titled-Tuesday-Blitz-June-18-2024"]
[Site "Chess.com"]
[Date "2024.06.18"]
[Round "11"]
[White "ClauAmura"]
[Black "Oleg_Papayan"]
[Result "0-1"]
[WhiteElo "2383"]
[BlackElo "2531"]
[TimeControl "180+1"]
[EndTime "16:01:10 PDT"]
[Termination "Oleg_Papayan won by resignation"]

1. d4 d5 2. c4 dxc4 3. e4 e5 4.
Nf3 exd4 5. Bxc4 Nc6 6. Nbd2 Be6 7. Bxe6 fxe6 8. Qb3 Qd7 9. Qxb7 Rb8 10. Qa6 Nge7 11.
O-O Ng6 12. Nc4 Be7 13. Qa3 Bxa3 0-1

[Event "Late-Titled-Tuesday-Blitz-June-18-2024"]
[Site "Chess.com"]
[Date "2024.06.18"]
[Round "11"]
[White "K-Nygren"]
[Black "Jahonas"]
[Result "0-1"]
[WhiteElo "2531"]
[BlackElo "2421"]
[TimeControl "180+1"]
[EndTime "16:01:11 PDT"]
[Termination "Jahonas won by checkmate"]

1. e4 c6 2. Nc3 d5 3. d4 dxe4 4.
Nxe4 Nf6 5. Nxf6+ exf6 6. c3 Bf5 7. Ne2 Bd6 8. Ng3 Bg6 9. Bd3 O-O 10. Bxg6 hxg6 11.
Be3 Re8 12. Qc2 f5 13. Ne2 f4 14. Bc1 Qe7 15. Qxg6 fxg6 16. Kd1 Qxe2# 0-1

[Event "Late-Titled-Tuesday-Blitz-June-18-2024"]
[Site "Chess.com"]
[Date "2024.06.18"]
[Round "11"]
[White "Laico"]
[Black "Smiechu"]
[Result "1-0"]
[WhiteElo "2439"]
[BlackElo "2326"]
[TimeControl "180+1"]
[EndTime "16:01:24 PDT"]
[Termination "Laico won by resignation"]

1. e4 c5 2. Nc3 Nc6 3. f4 g6 4. Nf3 Bg7 5. Bb5 Nd4 6. O-O Nxb5 7. Nxb5 a6 8. Nc3 d6 9. d3 e6 10. Qe1 b5 11. f5 Ne7 12. Nh4 Nxf5 13. exf5 Bd4+ 14.
Kh1 Bb7 15. fxe6 O-O 16. e7 1-0

[Event "Late-Titled-Tuesday-Blitz-June-18-2024"]
[Site "Chess.com"]
[Date "2024.06.18"]
[Round "11"]
[White "Bala-Afiada"]
[Black "romulocardoso"]
[Result "0-1"]
[WhiteElo "2064"]
[BlackElo "2309"]
[TimeControl "180+1"]
[EndTime "16:01:48 PDT"]
[Termination "romulocardoso won by resignation"]

1. d4 Nf6 2. c4 g6 3. Nc3 d6 4. e4 Bg7 5. Nf3 O-O 6. Be2 Bg4 7. Be3 c5 8. d5 Nbd7 9. Ng1 Bxe2 10. Ngxe2 Qa5 11. O-O Qb4 12. Qb3 Nb6 13. Qxb4 cxb4 14. Bxb6 bxc3 15. Bd4 cxb2 16. Bxb2 Nxe4 17. Bxg7 Kxg7 18.
f3 Nd2 19. Rfc1 Rac8 20. Rc2 Nxc4 21. Rac1 Nb6 22. Nd4 Rxc2 23. Rxc2 Nxd5 24. Nb5 a6 25. Nd4 e5 0-1

[Event "Late-Titled-Tuesday-Blitz-June-18-2024"]
[Site "Chess.com"]
[Date "2024.06.18"]
[Round "11"]
[White "Barboval"]
[Black "NigelDwarf"]
[Result "1-0"]
[WhiteElo "2550"]
[BlackElo "2435"]
[TimeControl "180+1"]
[EndTime "16:02:19 PDT"]
[Termination "Barboval won by resignation"]

1. d4 Nf6 2. Bg5 c5 3. Bxf6 exf6 4. dxc5 Bxc5 5. e3 O-O 6. Nf3 Nc6 7. c3 d5 8. Nbd2 Bf5 9. Be2 Ne5 10. O-O Nd3 11. b4 Bb6 12. Nh4 Be4 13. Nxe4 dxe4 14. Bxd3 exd3 15. Nf5 Rc8 16. Rc1 a5 17. a3 axb4 18.
axb4 Qd7 19. Qg4 1-0